 Dungeon Crawl Stone Soup version 0.18.1-48-g4cf74bf (webtiles) character file.

5589 boogeech the Magician (level 10, 0/77 HPs)
             Began as a Demonspawn Enchanter on June 28, 2016.
             Was an Elder of Okawaru.
             Slain by Gastronok (7 damage)
             ... on level 9 of the Dungeon.
             The game lasted 00:33:30 (8945 turns).

boogeech the Magician (Demonspawn Enchanter)        Turns: 8945, Time: 00:33:31

Health: 0/77       AC: 15    Str: 10    XL:     10   Next: 45%
Magic:  0/20       EV: 21    Int: 17    God:    Okawaru [****..]
Gold:   407        SH:  4    Dex: 19    Spells: 3 memorised, 16 levels left

rFire  . . .     SeeInvis +     I - +1 falchion of Taid {slice, *Rage rPois MR+++ SInv}
rCold  . . .     Gourm    .     p - +0 leather armour
rNeg   . . .     Faith    .     (no shield)
rPois  +         Spirit   +     a - +2 hat
rElec  .         Dismiss  .     l - +2 cloak
rCorr  +         Reflect  +     (no gloves)
SustAt .         Harm     .     L - +0 pair of boots
MR     +++..     Rnd*Rage +     x - +4 amulet of reflection
Stlth  +++.......               t - +2 ring of protection
                                n - ring of resist corrosion

@: agile, extremely resistant to hostile enchantments, fairly stealthy
A: rough black scales 1, spiny 2, magic shield
a: Heroism, Renounce Religion


You were on level 9 of the Dungeon.
You worshipped Okawaru.
Okawaru was greatly pleased with you.
You were not hungry.

You visited 2 branches of the dungeon, and saw 10 of its levels.

You collected 407 gold pieces.

Inventory:

Hand Weapons
 f - a +4 short sword
 A - a +0 shortbow
 I - the +1 falchion of Taid (weapon) {slice, *Rage rPois MR+++ SInv}
   (You found it on level 6 of the Dungeon)

   It inflicts extra damage upon your enemies.
   It protects you from poison.
   It affects your resistance to hostile enchantments.
   It lets you see invisible.
   It may make you go berserk in combat.
Missiles
 B - 58 arrows
Armour
 a - a +2 hat (worn)
 l - a +2 cloak (worn)
 p - a +0 leather armour (worn)
 L - a +0 pair of boots (worn)
Jewellery
 n - a ring of resist corrosion (left hand)
 r - an uncursed ring of ice
 t - a +2 ring of protection (right hand)
 x - a +4 amulet of reflection (around neck)
 H - an uncursed ring of flight
 J - an uncursed ring of fire
Wands
 G - a wand of paralysis (14/24)
 O - a wand of slowing (28/48)
Scrolls
 e - a scroll of enchant armour
 i - 2 scrolls of blinking
 j - 4 scrolls of teleportation
 k - a scroll of identify
 o - a scroll of fear
 w - a scroll of random uselessness
 y - 2 scrolls of enchant weapon
 C - a scroll of remove curse
 E - a scroll of magic mapping
 K - a scroll of immolation
 N - a scroll of noise {unknown}
 P - a scroll of amnesia {unknown}
Potions
 g - a potion of resistance {unknown}
 h - a potion of agility
 q - 4 potions of degeneration
 s - 3 potions of curing {unknown}
 u - 3 potions of brilliance
 v - a potion of mutation {unknown}
 z - a potion of cancellation {unknown}
 D - a potion of flight {unknown}
Books
 c - a book of Maledictions

   Spells                             Type                      Level
   a - Corona                         Hexes                        1
   b - Ensorcelled Hibernation        Hexes/Ice                    2
   c - Confuse                        Hexes                        3
   d - Tukima's Dance                 Hexes                        3
   e - Dazzling Spray                 Conjuration/Hexes            3
 F - the Catalogue of Conjuration and Darkness
   (You found it on level 7 of the Dungeon)

   Spells                             Type                      Level
   a - Searing Ray                    Conjuration                  2
   b - Sublimation of Blood           Necromancy                   2
   c - Agony                          Necromancy                   5
   d - Death Channel                  Necromancy                   6
Comestibles
 d - 7 bread rations
 M - a meat ration


   Skills:
 * Level 6.6 Fighting
 - Level 4.4(5.3) Short Blades
 * Level 4.4(5.3) Long Blades
 + Level 3.3 Armour
 * Level 6.6 Dodging
 - Level 2.6 Stealth
 * Level 6.8 Spellcasting
 + Level 6.6 Hexes


You had 16 spell levels left.
You knew the following spells:

 Your Spells              Type           Power        Failure   Level  Hunger
a - Corona                Hex            ####...      1%          1    None
b - Ensorcelled Hibernat  Hex/Ice        ###...       8%          2    None
c - Tukima's Dance        Hex            ####....     3%          3    ##.....


Dungeon Overview and Level Annotations

Branches:
Dungeon (9/15)             Temple (1/1) D:6            Lair (0/8) D:8
    Orc: D:9-12

Altars:
Ashenzari
Cheibriados
Dithmenos
Elyvilon
Fedhas
Gozag
Kikubaaqudgha
Makhleb
Nemelex Xobeh
Okawaru
Pakellas
Qazlal
Ru
Sif Muna
Trog
Vehumet
Xom
Yredelemnul
Zin

Annotations:
D:5 TBriggs11TB's ghost, novice DrBe
D:9 Gastronok


Innate Abilities, Weirdness & Mutations

You are partially covered in rough black scales (AC +4, Dex -1).
You are mostly covered in sharp spines.
When hurt, damage is shared between your health and your magic reserves.


Message History

The rat's corpse disappears in a puff of smoke!
You hit Gastronok.
Gastronok is severely wounded.
Gastronok misses you.
You slash Gastronok!
Gastronok is severely wounded.
You hit Gastronok.
Gastronok is almost dead.
Gastronok waves his eye-stalks in wide circles.
The air twists around and strikes you!
* * * LOW HITPOINT WARNING * * *
Casting: Corona
Confirm with . or Enter, or press ? or * to list all spells.
You don't have enough magic to cast that spell.
You hit Gastronok.
Gastronok is almost dead.
You hit Gastronok.
Gastronok is almost dead.
Gastronok is struck by your spines. Gastronok bites you!
You die...

###################
................... .
.................. ..
................. ...
...............# ....
..............?# .....
...............###(.....
.............[..@wr.....
............#######.....
............# ...
............# #
....#######[# ....#
#.#.....+....... ....#
#.#.....#.......# ....#
#.#.....#.......#
....#######.#.....#.......#


You could see Gastronok and a quokka.

Vanquished Creatures
  Erolcha (D:9)
  Erica (D:8)
  Pikel (D:7)
  A komodo dragon (D:7)
  A two-headed ogre (D:9)
  Prince Ribbit (D:5)
  A hungry ghost (D:7)
  Menkaure (D:5)
  Duvessa (D:7)
  2 ice beasts
  2 slaves (D:7)
  An orc warrior (D:9)
  A sky beast (D:8)
  An ogre (D:7)
  A phantom (D:4)
  A centaur (D:5)
  Dowan (D:7)
  A scorpion (D:8)
  3 wights (D:7)
  6 killer bees (D:7)
  3 electric eels (D:7)
  4 howler monkeys
  A crimson imp (D:5)
  A quasit (D:7)
  3 orc priests
  2 hounds
  A jelly (D:6)
  Crazy Yiuf (D:7)
  2 giant frog zombies
  A gnoll shaman (D:8)
  An iguana (D:6)
  3 iron imps (D:4)
  A giant frog skeleton (D:4)
  6 orc wizards
  Natasha (thrice) (D:3)
  5 worker ants
  A hound zombie (D:6)
  3 hound skeletons
  2 worker ant zombies
  14 gnolls
  14 adders
  3 shadow imps
  3 oozes
  3 worms
  5 dart slugs
  3 giant geckos
  42 orcs
  4 ball pythons
  11 bats
  6 giant cockroaches
  6 goblins
  8 hobgoblins
  6 jackals
  13 kobolds
  2 quokkas (D:4)
  A ball python skeleton (D:5)
  5 giant newts
  A jackal skeleton (D:7)
  A quokka skeleton (D:4)
  3 rats
  A fungus (D:7)
228 creatures vanquished.

Vanquished Creatures (others)
  A giant frog (D:7)
  An electric eel (D:7)
2 creatures vanquished.

Grand Total: 230 creatures vanquished

Notes
Turn   | Place    | Note
--------------------------------------------------------------
     0 | D:1      | boogeech the Demonspawn Enchanter began the quest for the Orb.
     0 | D:1      | Reached XP level 1. HP: 13/13 MP: 3/3
   384 | D:1      | Reached skill level 1 in Fighting
   384 | D:1      | Reached skill level 1 in Short Blades
   560 | D:1      | Gained mutation: You are partially covered in sharp spines. [demonic ancestry]
   560 | D:1      | Reached XP level 2. HP: 21/21 MP: 5/5
  1184 | D:1      | Gained mutation: You are partially covered in rough black scales (AC +4, Dex -1). [demonic ancestry]
  1184 | D:1      | Reached XP level 3. HP: 25/26 MP: 6/6
  1452 | D:1      | Learned a level 2 spell: Ensorcelled Hibernation
  1456 | D:1      | Learned a level 3 spell: Tukima's Dance
  1566 | D:2      | Found an oddly glowing altar of Pakellas.
  1855 | D:2      | Gained mutation: You are mostly covered in sharp spines. [demonic ancestry]
  1855 | D:2      | Reached XP level 4. HP: 29/32 MP: 8/8
  2454 | D:3      | Reached XP level 5. HP: 33/38 MP: 9/9
  2456 | D:3      | Found an ancient bone altar of Kikubaaqudgha.
  2521 | D:3      | Noticed Natasha
  2541 | D:3      | Killed Natasha
  2541 | D:3      | Reached skill level 1 in Armour
  2625 | D:3      | Noticed Natasha
  2626 | D:3      | Killed Natasha
  2736 | D:3      | Noticed Natasha
  2752 | D:3      | Killed Natasha
  2752 | D:3      | Reached XP level 6. HP: 38/44 MP: 10/10
  2906 | D:3      | Found a faded altar to an unknown god.
  3150 | D:4      | Found an iron altar of Okawaru.
  3197 | D:4      | Became a worshipper of Warmaster Okawaru
  3226 | D:4      | Found a burning altar of Makhleb.
  3671 | D:4      | Reached XP level 7. HP: 51/51 MP: 12/12
  3893 | D:4      | Found a shattered altar of Ashenzari.
  4110 | D:4      | Reached * piety under Okawaru
  4262 | D:5      | Entered Level 5 of the Dungeon
  4735 | D:5      | Noticed Prince Ribbit
  4739 | D:5      | Killed Prince Ribbit
  4739 | D:5      | Reached skill level 5 in Hexes
  4739 | D:5      | Reached XP level 8. HP: 59/60 MP: 14/14
  4810 | D:5      | Reached ** piety under Okawaru
  4862 | D:5      | Noticed Menkaure
  4868 | D:5      | Killed Menkaure
  4921 | D:5      | Noticed TBriggs11TB's ghost (novice DrBe)
  4943 | D:5      | HP: 3/60 [TBriggs11TB's ghost (2)]
  6035 | D:6      | Reached skill level 5 in Dodging
  6127 | D:6      | Found a radiant altar of Vehumet.
  6157 | D:6      | Got a jewelled falchion
  6158 | D:6      | Identified the +1 falchion of Taid {slice, *Rage rPois MR+++ SInv} (You found it on level 6 of the Dungeon)
  6256 | D:6      | Found a staircase to the Ecumenical Temple.
  6288 | Temple   | Entered the Ecumenical Temple
  6476 | D:7      | Reached skill level 5 in Spellcasting
  6478 | D:7      | Reached skill level 1 in Long Blades
  6478 | D:7      | Gained mutation: When hurt, damage is shared between your health and your magic reserves. [demonic ancestry]
  6478 | D:7      | Reached XP level 9. HP: 65/67 MP: 16/16
  6521 | D:7      | Found a snail-covered altar of Cheibriados.
  6634 | D:7      | Reached skill level 5 in Fighting
  6757 | D:7      | Found a blossoming altar of Fedhas.
  6767 | D:7      | Reached *** piety under Okawaru
  6871 | D:7      | Found a blossoming altar of Fedhas.
  6879 | D:7      | Noticed Duvessa
  6879 | D:7      | Noticed Dowan
  6887 | D:7      | Killed Duvessa
  6889 | D:7      | Killed Dowan
  7206 | D:7      | Identified the Catalogue of Conjuration and Darkness
  7320 | D:7      | Noticed Pikel
  7321 | D:7      | Noticed a komodo dragon
  7350 | D:7      | Killed Pikel
  7358 | D:7      | Killed a komodo dragon
  7361 | D:7      | Reached **** piety under Okawaru
  7898 | D:7      | Noticed Crazy Yiuf
  7908 | D:7      | Killed Crazy Yiuf
  8069 | D:8      | Found a staircase to the Lair.
  8069 | D:8      | Noticed Erica
  8084 | D:8      | Killed Erica
  8084 | D:8      | Reached XP level 10. HP: 76/76 MP: 15/19
  8432 | D:8      | Found an opulent altar of Gozag.
  8729 | D:9      | Noticed Erolcha
  8741 | D:9      | Killed Erolcha
  8820 | D:9      | Reached ***** piety under Okawaru
  8902 | D:9      | Noticed Gastronok
  8945 | D:9      | Slain by Gastronok

Skill      XL: |  1  2  3  4  5  6  7  8  9 10 |
---------------+-------------------------------+-----
Fighting       | 1 2 3 4 6 |  6.6
Short Blades   | 1 2 3 4 |  4.4
Dodging        | 2 3 4 5 6 |  6.6
Armour         | 1 2 3 |  3.3
Spellcasting   | 3 4 5 6 |  6.8
Hexes          | 4 5 6 |  6.6
Long Blades    | 1 3 4 |  4.4
Stealth        | |  2.6

Action                   |  1- 3 |  4- 6 |  7- 9 | 10-12 || total
-------------------------+-------+-------+-------+-------++-------
Melee: Dagger            |    77 |     7 |       |       ||    84
       Short sword       |       |   118 |   211 |       ||   329
       Falchion          |       |       |   150 |    73 ||   223
 Cast: Corona            |     6 |       |       |       ||     6
Invok: Heroism           |       |       |     2 |     1 ||     3
  Use: Scroll            |       |     6 |    12 |       ||    18
       Potion            |       |       |     1 |     2 ||     3
 Stab: Sleeping          |     9 |     4 |     2 |     2 ||    17
       Distracted        |       |       |     1 |       ||     1
  Eat: Chunk             |     3 |     5 |     7 |       ||    15
       Pizza             |       |       |     1 |       ||     1
       Meat ration       |       |       |     1 |       ||     1
       Beef jerky        |       |       |     7 |     2 ||     9
Armor: Robe              |     9 |       |       |       ||     9
       Leather armour    |     5 |    44 |   110 |     5 ||   164
Dodge: Dodged            |    33 |    49 |   176 |    29 ||   287
Block: Other             |       |       |    50 |     3 ||    53
